 Dungeon Crawl Stone Soup version 0.30-a0-996-ga6910c8ee8 (webtiles) character file.

Game seed: 1762167265003403788

1761 CornPuffBuddha the Spear-Bearer (level 8, -5/63 HPs)
             Began as a Pale Draconian Berserker on Apr 4, 2023.
             Was an Elder of Trog.
             Killed by nerve-wracking pain
             ... invoked by a shadow imp
              (11 damage)
             ... on level 5 of the Dungeon on Apr 5, 2023.
             The game lasted 00:10:58 (5759 turns).

CornPuffBuddha the Spear-Bearer (DrBe)              Turns: 5759, Time: 00:10:58

Health: -5/63      AC:  8    Str: 22    XL:     8   Next: 79%
Magic:  8/8        EV: 12    Int:  7    God:    Trog [****..]
Gold:   319        SH:  0    Dex: 11    Spells: 7/7 levels left

rFire   . . .      SeeInvis .    y - +2 scythe (vamp)
rCold   . . .      Faith    .    (shield currently unavailable)
rNeg    . . .      Spirit   .    (body armour unavailable)
rPois   .          Reflect  .    (helmet restricted)
rElec   .          Rampage  .    f - +0 cloak
rCorr   .                        H - +0 pair of gloves
Will    .....                    (no boots)
Stlth   +                        (no amulet)
HPRegen 0.30/turn                (no ring)
MPRegen 0.11/turn                (no ring)

@: lethally poisoned (-5 -> -10)
A: breathe steam, AC +6, unfitting armour, cold-blooded, steam resistance
a: Breathe Steam, Renounce Religion, Berserk, Trog's Hand, Brothers in Arms


You were on level 5 of the Dungeon.
You worshipped Trog.
Trog was greatly pleased with you.
You visited 1 branch of the dungeon, and saw 5 of its levels.
You also visited: Sewer.

You collected 319 gold pieces.

Inventory:

Hand Weapons
 a - a +0 spear
 y - a +2 vampiric scythe (weapon)
Armour
 f - a +0 cloak (worn)
 H - a +0 pair of gloves (worn)
Jewellery
 t - a ring of positive energy
 u - a ring of magical power
 I - an amulet of magic regeneration
Wands
 m - a wand of polymorph (6)
 z - a wand of flame (35)
 A - a wand of iceblast (8)
Scrolls
 b - a scroll of vulnerability {unknown}
 e - a scroll of fog {unknown}
 i - a scroll of brand weapon {unknown}
 k - a scroll of enchant armour {unknown}
 n - a scroll of magic mapping {unknown}
 p - a scroll of noise {unknown}
 r - a scroll of immolation {unknown}
 w - 2 scrolls of teleportation {unknown}
 x - 2 scrolls of poison {unknown}
 C - 2 scrolls of identify {unknown}
Potions
 c - 2 potions of flight
 d - a potion of magic {unknown}
 g - 3 potions of berserk rage {unknown}
 h - 2 potions of lignification {unknown}
 j - a potion of degeneration {unknown}
 l - a potion of resistance {unknown}
 o - 5 potions of heal wounds {unknown}
 q - a potion of experience {unknown}
 s - a potion of attraction {unknown}
 v - 2 potions of mutation {unknown}
 D - a potion of haste {unknown}
 E - 3 potions of curing {unknown}
 F - a potion of invisibility
 G - a potion of brilliance {unknown}


   Skills:
 - Level 3.3 Fighting
 + Level 11.7 Polearms
 - Level 2.7 Dodging


You had 7 spell levels left.
You didn't know any spells.
Your spell library was empty.

Dungeon Overview and Level Annotations

Branches:
Dungeon (5/15)              Sewer (visited)
 Temple: D:4-7

Altars:
Makhleb
Okawaru
Ru
Wu Jian
Yredelemnul

Annotations:
D:5 4 runed translucent doors


Innate Abilities, Weirdness & Mutations

You can breathe blasts of scalding, opaque steam.
Your pale cyan-grey scales are hard. (AC +6)
You cannot fit into any form of body armour.
You are cold-blooded and may be slowed by cold attacks.
You are immune to the effects of steam.


Message History

Press: ? - help, Q - select action, (/) - cycle Dir - move target, p - gnoll sergeant
As you read the scroll of blinking, it crumbles to dust.
* * * LOW HITPOINT WARNING * * *
You feel very sick.
Blink to where?
Press: ? - help, Q - select action, (/) - cycle Dir - move target A shadow imp comes into view.
As you read the scroll of blinking, it crumbles to dust.
* * * LOW HITPOINT WARNING * * *
You feel very sick.
The shadow imp shouts, "Repent, thou worthless fool-born coxcomb!"
* * * LOW HITPOINT WARNING * * *
You feel very sick.
Aiming: Throw Flame
Press: ? - help, Q - select action, (/) - cycle Shift-Dir - straight line, f - shadow imp
Aim: a shadow imp (64% to hit)
The puff of flame hits the shadow imp.
The shadow imp is moderately wounded.
* * * LOW HITPOINT WARNING * * *
You feel very sick.
* * * LOW HITPOINT WARNING * * *
You feel sick.
You are too injured to fight recklessly!
You are too injured to fight recklessly!
Press: ? - help, v - describe, . - travel
Here: a shadow imp (moderately wounded)
The floor.
You don't know any spells.
Unknown command.
Aiming: Iceblast
Press: ? - help, Q - select action, (/) - cycle Shift-Dir - straight line, f/p - shadow imp
Aim: a shadow imp (moderately wounded)
The mass of ice explodes!
The iceblast engulfs the shadow imp.
The shadow imp partially resists.
The shadow imp is almost dead.
* * * LOW HITPOINT WARNING * * *
You feel sick. The shadow imp gestures at you. Pain shoots through your body!
You die...

###..###.#†##.##.##.##8}?8##.####
# #..# #.#.##.##.##.#8....8#.# #
#..# #.#.##.##.##.+o.....+.# #
###..###.#..........+y.....+.####
...........##.##.#..#8....8#.....
.........#.##.##.#..##8$=8##.#.##
.##.######.##..).....######....##
###.# #.#####.###........##### #
#.. #.# ##@####.....### # # ##.#
#.##.5........†...# # # .P
#.............###.###### .≈#
##......#####.# #.......
#.......# #.# ######.# #........
#.....>....# .........
#.########## ##....##+ #.# #.#


You could see an orc warrior and a shadow imp.

Vanquished Creatures
  Grinder (D:4)
  Sigmund (D:3)
  An ogre (D:5)
  A boggart (D:3)
  2 phantoms (D:5)
  2 bullfrogs (Sewer)
  5 scorpions
  A killer bee (D:5)
  4 hounds
  A gnoll bouda (D:5)
  A sleepcap (D:5)
  Jessica (D:2)
  Natasha (thrice) (D:2)
  An iguana (D:5)
  Ijyb (D:3)
  An orc wizard (D:5)
  3 gnolls (D:4)
  10 adders
  A river rat (D:4)
  An ufetubus (D:4)
  6 worms
  3 dart slugs
  5 orcs
  13 endoplasms
  19 giant cockroaches
  4 hobgoblins
  3 jackals
  7 kobolds
  11 quokkas
  9 ball pythons
  9 bats
  14 frilled lizards
  5 goblins
  2 rats
  A spectral orc (D:3)
153 creatures vanquished.

Vanquished Creatures (others)
  4 fungi (D:4)
  2 plants (D:4)
6 creatures vanquished.

Grand Total: 159 creatures vanquished

Notes
Turn   | Place    | Note
-------+----------+-------------------------------------------
     0 | D:1      | CornPuffBuddha the Draconian Berserker began the quest for
                  | the Orb.
     0 | D:1      | Reached XP level 1. HP: 19/19 MP: 1/1
   197 | D:1      | Reached XP level 2. HP: 26/26 MP: 2/2
   570 | D:1      | Reached skill level 4 in Polearms
   763 | D:2      | Noticed Jessica
   772 | D:2      | Killed Jessica
   773 | D:2      | Reached XP level 3. HP: 31/31 MP: 3/3
   968 | D:2      | Reached XP level 4. HP: 38/38 MP: 4/4
  1138 | D:2      | Reached skill level 5 in Polearms
  1249 | D:2      | Noticed Natasha
  1268 | D:2      | Killed Natasha
  1268 | D:2      | Reached ** piety under Trog
  1630 | D:2      | Noticed Natasha
  1652 | D:2      | Killed Natasha
  1860 | D:2      | Noticed Natasha
  1883 | D:2      | Killed Natasha
  1884 | D:2      | Reached XP level 5. HP: 13/45 MP: 5/5
  2564 | D:3      | Noticed an ogre
  2568 | D:3      | an ogre changed into a boggart
  2568 | D:3      | Noticed a boggart
  2575 | D:3      | Killed a boggart
  2576 | D:3      | Reached skill level 6 in Polearms
  2721 | D:3      | Noticed Sigmund
  2761 | D:3      | Killed Sigmund
  2762 | D:3      | Reached skill level 7 in Polearms
  2762 | D:3      | Reached XP level 6. HP: 6/51 MP: 6/6
  3043 | D:3      | Found a basalt altar of Yredelemnul.
  3171 | D:3      | Noticed Ijyb
  3178 | D:3      | Killed Ijyb
  3220 | D:3      | Found a burning altar of Makhleb.
  3221 | D:3      | Found an ornate altar of the Wu Jian Council.
  3497 | D:4      | Noticed Grinder
  3506 | D:4      | Killed Grinder
  3507 | D:4      | Reached skill level 8 in Polearms
  3507 | D:4      | Your scales start taking on a pale cyan-grey colour.
  3507 | D:4      | Reached XP level 7. HP: 38/57 MP: 7/7
  3507 | D:4      | Gained mutation: You are immune to the effects of steam.
                  | [Pale Draconian growth]
  3876 | D:4      | Reached skill level 9 in Polearms
  3927 | D:4      | Found a glowing drain.
  3932 | Sewer    | Entered a sewer
  3983 | Sewer    | Reached *** piety under Trog
  4279 | Sewer    | Reached XP level 8. HP: 39/63 MP: 8/8
  5017 | D:5      | Entered Level 5 of the Dungeon
  5069 | D:5      | Reached skill level 10 in Polearms
  5133 | D:5      | Reached **** piety under Trog
  5195 | D:5      | Found a sacrificial altar of Ru.
  5259 | D:5      | Found an iron altar of Okawaru.
  5417 | D:5      | Found a large runed translucent door.
  5417 | D:5      | Found a large runed translucent door.
  5453 | D:5      | Reached skill level 11 in Polearms
  5519 | D:5      | Noticed a hornet
  5629 | D:5      | Found a large runed translucent door.
  5629 | D:5      | Found a large runed translucent door.
  5759 | D:5      | Killed from afar by a shadow imp

Illustrated notes

Levels and vault maps discovered:
D:1:      dpeg_arrival_shelter, layout_loops_corners
D:2:      layout_rooms, minmay_heptomino_d4, uniq_jessica, uniq_natasha
D:3:      layout_loops_corners, yredelemnul_forgotten_temple_becter,
          gammafunk_temple_overflow_statue, uniq_ijyb, uniq_sigmund
D:4:      nicolae_cairo_tiling_very_big, layout_cave_pools,
          lightli_sewer_entry_pipes, skrybe_limestone_x, serial_bayou_pond_b,
          dreamdust_gnoll_farm, uniq_grinder
D:5:      layout_loops_ring, mainiacjoe_overflow_paths,
          nicolae_ru_the_path_less_chosen, minmay_liquid_box,
          dreamdust_princess_bridge, minmay_hollow_rounded_squares

Skill      XL: |  1  2  3  4  5  6  7  8 |
---------------+-------------------------+-----
Polearms       | 4 5 7 8 9 11 | 11.7
Fighting       | |  3.3
Dodging        | |  2.7

Action                     |  1- 3 |  4- 6 |  7- 9 || total
---------------------------+-------+-------+-------++-------
  Melee: Spear             |   106 |    86 |       ||   192
         Tailslap          |     6 |    10 |    28 ||    44
         Unarmed           |     4 |    38 |       ||    42
         Punch             |       |     1 |       ||     1
         Halberd           |       |    17 |   317 ||   334
 Invoke: Berserk           |       |     1 |       ||     1
  Evoke: Wand              |       |     1 |     2 ||     3
    Use: Potion            |       |     1 |       ||     1
         Scroll            |       |       |     2 ||     2
   Stab: Sleeping          |     1 |       |     2 ||     3
 Armour: Skin              |    25 |    18 |   107 ||   150
  Dodge: Dodged            |    59 |    47 |   173 ||   279

Table legend: (Time is in decaauts)
 A = Elapsed time spent in this place.
 B = Non-inter-level travel time spent in this place.
 C = Inter-level travel time spent in this place.
 D = Time resting spent in this place.
 E = Time spent auto-exploring this place.
 F = Levels seen in this place.
 G = Mean time per level.
                   A        B        C        D        E       F      G
               +--------+--------+--------+--------+--------+-----+--------+
         Total |   5880 |   5641 |    239 |   1391 |   2992 |   6 |  980.0 |
       Dungeon |   5322 |   5083 |    239 |   1391 |   2730 |   5 | 1064.4 |
         Sewer |    558 |    558 |      0 |      0 |    261 |   1 |  558.0 |
               +--------+--------+--------+--------+--------+-----+--------+

Top non-repeatable levels by time:
     D:2: 1463 daAuts
     D:3: 1265 daAuts
     D:4: 1095 daAuts
     D:1: 759 daAuts
     D:5: 738 daAuts
   Sewer: 558 daAuts
